AoeStats
← Infadel

Arabia

508567586Analyzed
1v1 RM · 10d ago on Sep 23, 2026· 52m 0s· 2 players
Game mode
Random Map
Map size
Tiny (2 player)
Population
200
Speed
Normal
Resources
Standard
Victory
Conquest
Starting age
Dark Age
Ending age
Imperial Age
RankedLock teamsTeams togetherTeam positionsShared explorationLock speedFull tech treeHidden civsTurbo modeCheats
Victory
Defeat
1117
+16
🇮🇳 Magyars · India
1112
-16
Infadel
6:53 Loom
9:33 Feudal Age
10:12 Double-Bit Axe
22:36 Scale Barding Armor
25:14 Castle Age
24:49 Fletching
24:59 Padded Archer Armor
25:01 Gold Mining
27:53 Bodkin Arrow
27:58 Horse Collar
31:27 Bloodlines
33:12 Leather Archer Armor
37:01 Wheelbarrow
36:11 Town Watch
36:52 Thumb Ring
37:02 Stone Mining
39:03 Hand Cart
43:48 Imperial Age
42:25 Gold Shaft Mining
44:58 Parthian Tactics
46:45 Chemistry
48:37 Recurve Bow
48:40 Corvinian Army
PFK | El Recogedor Birmano
7:56 Loom
10:17 Feudal Age
12:00 Town Watch
12:55 Fletching
20:07 Horse Collar
25:34 Castle Age
25:53 Forging
25:43 Scale Mail Armor
25:40 Arson
27:20 Wheelbarrow
26:46 Town Patrol
28:43 Heavy Plow
29:41 Hand Cart
31:19 Gold Mining
35:47 Pikeman
36:27 Squires
41:09 Imperial Age
42:18 Iron Casting
41:58 Chain Mail Armor
41:06 Man-at-Arms
41:31 Gambesons
42:10 Halberdier
42:18 Capped Ram
42:51 Long Swordsman
45:24 Siege Engineers
45:30 Masonry
45:41 Ballistics
47:36 Plate Mail Armor
50:57 Chemistry
50:28 Architecture
49:38 Treadmill Crane
50:24 Two-Handed Swordsman
Connection lost

Rejoining the realm…

Still unreachable

The connection could not be restored.

Session expired

The server has moved on; the page needs a fresh start.